 Dungeon Crawl Stone Soup version 0.23-a0-639-ga9a3373 (webtiles) character file.

20804 Lanoc the Grappler (level 12, -7/183 HPs)
             Began as a Troll Monk on Dec 29, 2018.
             Was a High Priest of Elyvilon.
             Mangled by Frances
             ... wielding a +6 glaive of venom
              (12 damage)
             ... on level 13 of the Dungeon.
             The game lasted 00:30:58 (10007 turns).

Lanoc the Grappler (Troll Monk)                    Turns: 10007, Time: 00:30:58

Health: -7/183     AC:  9    Str: 31    XL:     12   Next: 48%
Magic:  11/11      EV: 17    Int:  6    God:    Elyvilon [*****.]
Gold:   597        SH:  3    Dex: 24    Spells: 11/11 levels left

rFire    . . .     SeeInvis +     - Unarmed
rCold    . . .     Gourm    +   (no shield)
rNeg     . . .     Faith    .   I - +2 robe of Panentheism {Dex+6}
rPois    .         Spirit   .   y - +1 hat {SInv}
rElec    .         Reflect  +   A - +0 cloak
rCorr    .         Harm     .   (gloves unavailable)
MR       .....                  (boots unavailable)
Stlth    ..........             c - +3 amulet of reflection
HPRegen  0.80/turn              n - +4 ring of slaying
MPRegen  0.12/turn              S - +6 ring of dexterity (curse)

@: berserking, lethally poisoned (-7 -> -21), very quick
A: large, unfitting armour, claws 3, fast metabolism 3, gourmand, regeneration
1, shaggy fur 1, tough skin 2
a: Lesser Healing, Heal Other, Purification, Greater Healing, Divine Vigour,
Divine Protection, Renounce Religion


You were on level 13 of the Dungeon.
You worshipped Elyvilon.
Elyvilon was extremely pleased with you.
You were very full.

You visited 2 branches of the dungeon, and saw 14 of its levels.
You also visited: Sewer.

You collected 597 gold pieces.

Inventory:

Hand Weapons
 i - a +0 blowgun
 H - a +0 war axe of flaming
Missiles
 m - 58 poisoned needles
 B - 6 tomahawks (quivered)
Armour
 y - a +1 hat of see invisible (worn)
 A - a +0 cloak (worn)
 I - the +2 robe of Panentheism (worn) {Dex+6}
   (You took it off an orc on level 8 of the Dungeon)

   It affects your dexterity (+6).
Jewellery
 c - a +3 amulet of reflection (around neck)
 n - a +4 ring of slaying (left claw)
 t - an uncursed ring of ice
 J - an uncursed ring of flight
 S - a cursed +6 ring of dexterity (right claw)
Wands
 F - a wand of iceblast (6)
 G - a wand of flame (49)
 K - a wand of acid (9)
 M - a wand of disintegration (9)
 R - a wand of scattershot (5)
 T - a wand of digging (7)
 U - a wand of polymorph (7)
Scrolls
 a - a scroll of torment {unknown}
 f - 5 scrolls of fog
 g - 3 scrolls of magic mapping
 h - 8 scrolls of teleportation
 k - 4 scrolls of blinking
 l - 2 scrolls of fear
 s - 2 scrolls of summoning
 u - 4 scrolls of remove curse
 x - a scroll of enchant weapon
 C - 2 scrolls of amnesia
 P - a scroll of holy word
 Q - a scroll of brand weapon {unknown}
Potions
 d - 5 potions of curing
 e - a potion of mutation
 j - 3 potions of might
 o - a potion of berserk rage
 p - 2 potions of lignification {unknown}
 q - a potion of resistance
 r - 3 potions of flight {unknown}
 v - a potion of ambrosia {unknown}
 w - 3 potions of heal wounds
 z - a potion of magic {unknown}
 D - 2 potions of haste {unknown}
 E - 2 potions of agility {unknown}
 N - a potion of cancellation {unknown}
Miscellaneous
 L - a lamp of fire
 O - a box of beasts
Comestibles
 b - 26 rations
 V - 7 chunks of flesh


   Skills:
 + Level 8.4 Fighting
 + Level 8.6 Throwing
 + Level 8.3 Dodging
 - Level 1.0 Stealth
 * Level 13.3 Unarmed Combat


You had 11 spell levels left.
You didn't know any spells.
Your spell library contained the following spells:

 Spells                   Type           Power        Failure   Level  Hunger
 Animate Skeleton         Necr           N/A          45%         1    ##.....
 Pain                     Necr           #...         45%         1    ##.....
 Regeneration             Chrm/Necr      #.........   83%         3    ####...
 Vampiric Draining        Necr           #.........   83%         3    ####...
 Animate Dead             Necr           N/A          99%         4    #####..
 Leda's Liquefaction      Hex/Erth       #.........   99%         4    #####..
 Bolt of Magma            Conj/Fire/Erth #.........   100%        5    ######.
 Iskenderun's Battlesphe  Conj/Chrm      #.......     100%        5    ######.
 Venom Bolt               Conj/Pois      #.........   100%        5    ######.
 Iron Shot                Conj/Erth      #.........   100%        6    #######
 Statue Form              Tmut/Erth      #........    100%        6    #######
 Orb of Destruction       Conj           #.........   100%        7    #######
 Spellforged Servitor     Conj/Summ      #.........   100%        7    #######
 Shatter                  Erth           #.........   100%        9    #######


Dungeon Overview and Level Annotations

Branches:
Dungeon (13/15)            Temple (1/1) D:7            Lair (0/6) D:9
    Orc (0/2) D:9
 Vaults: D:13-14

Altars:
Ashenzari
Cheibriados
Dithmenos
Elyvilon
Fedhas
Gozag
Hepliaklqana
Kikubaaqudgha
Makhleb
Nemelex Xobeh
Okawaru
Qazlal
Ru
Sif Muna
Trog
Uskayaw
Vehumet
Wu Jian
Xom
Yredelemnul
Zin
The Shining One

Annotations:
D:13 Frances


Innate Abilities, Weirdness & Mutations

You are too large for most types of armour.
You have claws for hands.
Your metabolism is lightning-fast.
You like to eat raw meat.
Your natural rate of healing is unusually fast.
You are covered in fur. (AC +1)
You have very tough skin. (AC +2)


Message History

You eviscerate Frances!!!
Frances is moderately wounded.
You feel sick. The orange demon completely misses you.
Frances hits you with a +6 glaive of venom!!
* * * LOW HITPOINT WARNING * * *
You are more poisoned.
You mangle Frances!!
Frances is heavily wounded.
You feel sick. The kobold hits you with a +0 dagger.
* * * LOW HITPOINT WARNING * * *
The smoke demon gestures at you. Something smites you!
* * * LOW HITPOINT WARNING * * *
The red devil closely misses you.
You claw Frances!
Frances is heavily wounded.
* * * LOW HITPOINT WARNING * * *
You feel sick.
Frances hits you with a +6 glaive of venom!
You die...

#..# #≈.......≈#
#..##.≈(.≈.≈..≈.#
#..##.H≈≈###≈≈H.#
########...#...##.##..(#
...........#####...#####
##########.# #..# #.#
#[# #.# #.#
######.#####@##########
...........(.K@3........
.............44.).......
########################


You could see Frances, an orange demon, a smoke demon, a red devil and a kobold.

Vanquished Creatures
  Gastronok (D:8)
  2 centaur warriors (D:10)
  Erica (D:8)
  2 two-headed ogres
  Sonja (D:12)
  A guardian serpent (shapeshifter) (D:13)
  5 gargoyles
  A komodo dragon (D:12)
  A hornet (D:9)
  4 hippogriffs
  3 shadows
  2 wraiths
  A wyvern (D:10)
  15 yaks
  4 hogs (D:7)
  A human (D:7)
  A steam dragon (D:8)
  A vampire mosquito (D:10)
  3 hungry ghosts
  Edmund (D:5)
  6 sky beasts
  6 orc warriors
  5 ice beasts
  4 necrophages
  2 phantoms
  6 ogres
  8 centaurs
  3 big kobolds
  Blork the orc (D:5)
  8 bullfrogs
  A wyvern zombie (D:11)
  5 scorpions
  15 killer bees
  A troll zombie (D:9)
  2 jellies
  8 wights
  A howler monkey (D:9)
  8 crimson imps
  3 bullfrog zombies
  A quasit (D:9)
  A centaur zombie (D:8)
  A hound (shapeshifter) (D:10)
  2 hounds
  11 orc wizards
  3 orc priests
  2 human zombies (D:9)
  Crazy Yiuf (D:5)
  Ijyb (D:4)
  2 bullfrog skeletons
  4 centaur skeletons
  2 human skeletons (D:9)
  7 iguanas
  Natasha (thrice) (D:2)
  10 worker ants
  2 hound zombies
  3 hound skeletons
  4 mummies (D:9)
  A worker ant zombie (D:8)
  12 gnolls
  A howler monkey skeleton (D:6)
  8 adders
  3 river rats
  2 shadow imps
  3 oozes (D:3)
  3 adder skeletons
  3 worms
  3 leopard geckos
  44 orcs
  8 ball pythons
  5 bats
  2 bat zombies (D:4)
  10 giant cockroaches
  6 goblins
  7 hobgoblins
  7 jackals
  14 kobolds
  2 quokkas
  5 frilled lizards
  A jackal skeleton (D:5)
  A leopard gecko skeleton (D:7)
  An orc zombie (D:9)
  4 quokka skeletons
  15 rats
375 creatures vanquished.

Notes
Turn   | Place    | Note
-------+----------+-------------------------------------------
     0 | D:1      | Lanoc the Troll Monk began the quest for the Orb.
     0 | D:1      | Reached XP level 1. HP: 22/22 MP: 0/0
     6 | D:1      | Noticed a six-headed hydra
     6 | D:1      | Noticed a swamp worm
     6 | D:1      | Noticed a wolf
     6 | D:1      | Noticed an anaconda
     6 | D:1      | Noticed a polar bear
   164 | D:1      | Reached XP level 2. HP: 29/29 MP: 1/1
   558 | D:2      | Noticed Natasha
   570 | D:2      | Killed Natasha
   570 | D:2      | Reached skill level 1 in Throwing
   570 | D:2      | Reached XP level 3. HP: 24/36 MP: 2/2
   654 | D:2      | Reached XP level 4. HP: 35/44 MP: 3/3
   676 | D:2      | Reached skill level 4 in Unarmed Combat
  1087 | D:2      | Noticed Natasha
  1090 | D:2      | Killed Natasha
  1090 | D:2      | Reached XP level 5. HP: 53/53 MP: 4/4
  1238 | D:2      | Noticed Natasha
  1242 | D:2      | Killed Natasha
  1327 | D:2      | Found a glowing silver altar of Zin.
  1498 | D:3      | Found a glowing drain.
  1527 | Sewer    | Entered a sewer
  1570 | Sewer    | Reached XP level 6. HP: 61/61 MP: 5/5
  1776 | Sewer    | Reached skill level 5 in Unarmed Combat
  2319 | D:3      | Found a burning altar of Makhleb.
  2319 | D:3      | Noticed an Executioner
  2341 | D:3      | You fall through a shaft for 3 floors!
  2384 | D:6      | Reached XP level 7. HP: 68/68 MP: 6/6
  2419 | D:5      | Entered Level 5 of the Dungeon
  2476 | D:5      | Noticed Edmund
  2485 | D:5      | Killed Edmund
  2485 | D:5      | Reached skill level 6 in Unarmed Combat
  2572 | D:5      | Found a runed door.
  2576 | D:5      | Noticed Crazy Yiuf
  2581 | D:5      | Killed Crazy Yiuf
  2856 | D:5      | Reached XP level 8. HP: 63/78 MP: 7/7
  3432 | D:4      | Noticed Ijyb
  3437 | D:4      | Killed Ijyb
  3535 | D:4      | Found an ancient bone altar of Kikubaaqudgha.
  3763 | D:6      | Noticed Blork the orc
  3770 | D:6      | Reached skill level 7 in Unarmed Combat
  3780 | D:5      | Killed Blork the orc
  4304 | D:7      | Reached skill level 8 in Unarmed Combat
  4362 | D:7      | Reached skill level 5 in Fighting
  4362 | D:7      | Reached XP level 9. HP: 48/88 MP: 8/8
  4436 | D:7      | Found a staircase to the Ecumenical Temple.
  4458 | Temple   | Entered the Ecumenical Temple
  4579 | Temple   | Became a worshipper of Elyvilon the Healer
  4579 | Temple   | Reached * piety under Elyvilon
  4579 | Temple   | Reached ** piety under Elyvilon
  4658 | D:7      | Reached skill level 5 in Dodging
  4884 | D:7      | Reached skill level 5 in Throwing
  5023 | D:7      | Found a radiant altar of Vehumet.
  5023 | D:7      | Found a deep blue altar of Sif Muna.
  5347 | D:7      | Reached skill level 9 in Unarmed Combat
  5353 | D:7      | Found a shimmering altar of Xom.
  5621 | D:8      | Reached XP level 10. HP: 71/98 MP: 9/9
  5660 | D:8      | Identified the +2 robe of Panentheism {Dex+6}
  6004 | D:8      | Noticed Erica
  6009 | D:8      | Reached skill level 10 in Unarmed Combat
  6033 | D:8      | Killed Erica
  6165 | D:8      | Noticed Gastronok
  6177 | D:8      | Killed Gastronok
  6244 | D:8      | Noticed a gargoyle
  6248 | D:8      | Killed a gargoyle
  6248 | D:8      | Reached skill level 11 in Unarmed Combat
  6252 | D:8      | Noticed a gargoyle
  6257 | D:8      | Killed a gargoyle
  6342 | D:8      | Noticed a gargoyle
  6346 | D:8      | Killed a gargoyle
  6367 | D:8      | Noticed a gargoyle
  6372 | D:8      | Killed a gargoyle
  6372 | D:8      | Reached XP level 11. HP: 90/107 MP: 10/10
  6396 | D:9      | Found a stormy altar of Qazlal.
  6545 | D:9      | Reached *** piety under Elyvilon
  6801 | D:9      | Found a staircase to the Lair.
  6807 | D:9      | Found a staircase to the Orcish Mines.
  7025 | D:9      | Found a basalt altar of Yredelemnul.
  7187 | D:10     | Entered Level 10 of the Dungeon
  7627 | D:10     | Noticed a centaur warrior
  7627 | D:10     | Noticed a centaur warrior
  7634 | D:10     | Killed a centaur warrior
  7637 | D:10     | Killed a centaur warrior
  7637 | D:10     | Reached skill level 12 in Unarmed Combat
  7644 | D:10     | Got a translucent lead amulet
  7658 | D:10     | Identified the amulet "Sofa" {Inacc +Blink Str+5} (You
                  | found it on level 10 of the Dungeon)
  8219 | D:11     | Reached **** piety under Elyvilon
  8640 | D:11     | Noticed a two-headed ogre
  8647 | D:11     | Killed a two-headed ogre
  8647 | D:11     | Reached XP level 12. HP: 97/119 MP: 11/11
  8893 | D:11     | Reached ***** piety under Elyvilon
  9080 | D:12     | Noticed a two-headed ogre
  9120 | D:12     | Killed a two-headed ogre
  9228 | D:12     | Reached skill level 13 in Unarmed Combat
  9344 | D:12     | Noticed Sonja
  9353 | D:12     | Killed Sonja
  9863 | D:13     | Noticed a catoblepas
  9863 | D:13     | Noticed a catoblepas
  9979 | D:13     | Noticed Frances
 10006 | D:13     | HP: 5/183 [smoke demon/divine providence[Frances] (9)]
 10007 | D:13     | Mangled by Frances

Vault maps used:
D:1:      onia_arrival_zoo_common
D:2:      lemuel_crystal_altar, roderic_serpentine_path, uniq_natasha
D:3:      portal_sewer_entry_b, first_ration, makhleb_altar_promises_db
D:4:      lemuel_zombie_altar_kikubaaqudgha, uniq_ijyb
D:5:      uniq_edmund, uniq_crazy_yiuf_cottage
D:6:      minmay_misc_feat_alley, uniq_blork_the_orc
D:7:      kennysheep_big_flooded_room, marbit_many_paths,
          gammafunk_temple_overflow_wave, minmay_temple_entry_offerings,
          grunt_livestock
D:8:      cheibrodos_statue_roulette, uniq_gastronok, uniq_erica
D:9:      lemuel_mausoleum_altar_yredelemnul, lair_entry_dummy, orc_0_dummy,
          basic_altar
D:10:     minmay_thinvault, minmay_radiant
D:12:     roderic_lattice_a, nicolae_two_hexagons, uniq_sonja
D:13:     nzn_motion_control, uniq_maurice, uniq_frances
Temple:   nicolae_temple_elliptical
Sewer:    sewer_co_15_rooms

Skill      XL: |  1  2  3  4  5  6  7  8  9 10 11 12 |
---------------+-------------------------------------+-----
Throwing       | 1 2 3 4 5 6 8 |  8.6
Unarmed Combat | 4 5 6 8 9 11 12 13 | 13.3
Dodging        | 3 4 5 6 7 8 |  8.3
Fighting       | 3 4 5 6 7 8 |  8.4
Stealth        | |  1.0

Action                   |  1- 3 |  4- 6 |  7- 9 | 10-12 || total
-------------------------+-------+-------+-------+-------++-------
Melee: Unarmed           |    91 |   143 |   254 |   502 ||   990
       Punch             |     1 |     2 |    10 |    36 ||    49
Throw: Tomahawk          |       |       |       |     2 ||     2
  Use: Scroll            |       |    10 |     7 |     3 ||    20
       Potion            |       |       |     9 |     1 ||    10
 Stab: Sleeping          |       |     3 |     4 |    10 ||    17
  Eat: Chunk             |    11 |    16 |    28 |    56 ||   111
Armor: Robe              |    36 |    45 |    61 |    86 ||   228
Dodge: Dodged            |    55 |    86 |   152 |   288 ||   581
Block: Other             |       |       |       |    26 ||    26
       Reflection        |       |       |       |     1 ||     1

Table legend:
 A = Non-vault XP
 B = Vault XP
 C = Vault XP percentage of total XP
 D = Non-vault monster count
 E = Vault monster count
 F = Vault count percentage of total count
                 A         B        C        D         E       F
            +---------+---------+-------+---------+---------+-------
      Total |   17643 |   12078 |  40.6 |     293 |      82 |  21.9
            +---------+---------+-------+---------+---------+-------
        D:1 |      36 |       0 |   0.0 |      21 |       0 |   0.0
        D:2 |     177 |      35 |  16.5 |      22 |       1 |   4.3
        D:3 |     153 |      24 |  13.6 |      21 |       9 |  30.0
        D:4 |     140 |      43 |  23.5 |       8 |       3 |  27.3
        D:5 |     546 |     307 |  36.0 |      14 |       3 |  17.6
        D:6 |     925 |       0 |   0.0 |      17 |       0 |   0.0
        D:7 |    1053 |    1461 |  58.1 |      24 |       8 |  25.0
        D:8 |    1388 |    4896 |  77.9 |      26 |       6 |  18.8
        D:9 |    1060 |     470 |  30.7 |      24 |      12 |  33.3
       D:10 |    2628 |    3876 |  59.6 |      36 |      21 |  36.8
       D:11 |    3652 |       0 |   0.0 |      39 |       0 |   0.0
       D:12 |    4472 |     795 |  15.1 |      30 |       1 |   3.2
       D:13 |    1413 |       0 |   0.0 |      11 |       0 |   0.0
      Sewer |       0 |     171 | 100.0 |       0 |      18 | 100.0
            +---------+---------+-------+---------+---------+-------
